 Dungeon Crawl Stone Soup version 0.31.0-9-g3a7656b989 (webtiles) character file.

Game seed: 2026003246861709369

105694 Killerpretzel the Earth Mage (level 16, 0/76 HPs)
             Began as a Gargoyle Earth Elementalist on Jan 28, 2024.
             Was a High Priest of Vehumet.
             Splashed by a goliath frog's acid (3 damage)
             ... on level 1 of the Swamp on Jan 30, 2024.
             The game lasted 04:00:39 (35106 turns).

Killerpretzel the Earth Mage (GrEE)                Turns: 35106, Time: 04:00:39

Health: 0/76       AC: 28    Str: 12    XL:     16   Next: 42%
Magic:  32/32      EV:  9    Int: 27    God:    Vehumet [*****.]
Gold:   1260       SH:  4    Dex:  8    Spells: 19/40 levels left

rFire   + + .        a - staff of earth
rCold   . . .        Y - +0 buckler
rNeg    + . .        d - +5 fire dragon scales of the Tundras {rF++ rC- Int+3}
rPois   ∞            (helmet restricted)
rElec   +            x - +1 cloak
rCorr   +            B - +0 pair of gloves
SInv    .            (no boots)
Will    +....        r - amulet of magic regeneration
Stlth   ++           v - ring of resist corrosion
HPRegen 0.32/turn    g - ring of protection from cold
MPRegen 0.63/turn

%: no passive effects
@: flying
A: sickness immunity, AC +12, big wings, negative energy resistance 1,
electricity resistance, torment resistance 1, petrification resistance, antennae
1, clumsy 1, inability to drink after injury 1
a: Renounce Religion


You were on level 1 of the Swamp.
You worshipped Vehumet.
Vehumet was extremely pleased with you.
You visited 8 branches of the dungeon, and saw 27 of its levels.
You visited 1 bazaar.

You collected 3640 gold pieces.
You spent 2380 gold pieces at shops.

Inventory:

Missiles
 F - 12 boomerangs (quivered)
Armour
 d - the +5 fire dragon scales of the Tundras (worn) {rF++ rC- Int+3}
   (You found it on level 8 of the Dungeon)

   Int+3:     It affects your intelligence (+3).
   rF++:      It greatly protects you from fire.
   rC-:       It makes you vulnerable to cold.
 s - a +0 helmet
 x - a +1 cloak (worn)
 B - a +0 pair of gloves (worn)
 Y - a +0 buckler (worn)
Magical Staves
 a - a staff of earth (weapon)
Jewellery
 g - a ring of protection from cold (right hand)
 r - an amulet of magic regeneration (around neck)
 v - a ring of resist corrosion (left hand)
Wands
 l - a wand of flame (34)
 p - a wand of digging (7)
 q - a wand of acid (6)
 D - a wand of roots (5)
 I - a wand of polymorph (16)
 Z - a wand of charming (4)
Scrolls
 e - a scroll of fog
 j - 3 scrolls of fear
 m - 2 scrolls of revelation
 A - a scroll of silence
 L - a scroll of blinking
 M - a scroll of poison
Potions
 b - 2 potions of magic
 c - 2 potions of haste
 f - a potion of invisibility
 i - 2 potions of lignification
 k - a potion of resistance
 n - 8 potions of curing
 o - a potion of brilliance
 u - a potion of attraction
 G - 4 potions of enlightenment
Miscellaneous
 Q - a condenser vane


   Skills:
 + Level 9.5 Dodging
 - Level 8.0 Stealth
 + Level 5.2 Shields
 + Level 12.6 Spellcasting
 + Level 14.5 Conjurations
 * Level 10.0 Fire Magic
 * Level 18.0 Earth Magic


You had 19 spell levels left.
You knew the following spells:

 Your Spells              Type           Power      Damage    Failure   Level
a - Sandblast             Erth           100%       2d20      0%          1
b - Stone Arrow           Conj/Erth      100%       3d13      1%          3
c - Brom's Barrelling Bo  Conj/Erth      100%       2d11      1%          4
d - Iskenderun's Battles  Conj           77%        2d13      1%          5
e - Mephitic Cloud        Conj/Alch/Air  43%        N/A       4%          3
f - Fireball              Conj/Fire      35%        3d15      1%          5

Your spell library contained the following spells:

 Spells                   Type           Power      Damage    Failure   Level
 Spellforged Servitor     Conj/Summ      27%        N/A       97%         7
 Magic Dart               Conj           100%       1d8       1%          1
 Sting                    Conj/Alch      100%       1d9       1%          1
 Scorch                   Fire           100%       2d9       1%          2
 Passwall                 Erth           100%       N/A       1%          3
 Bombard                  Conj/Erth      51%        9d9       1%          6
 Volatile Blastmotes      Fire/Tloc      88%        2d17      4%          3
 Animate Armour           Summ/Erth      100%       N/A       9%          4
 Leda's Liquefaction      Alch/Erth      39%        N/A       9%          4
 Petrify                  Alch/Erth      78%        N/A       9%          4
 Ignite Poison            Fire/Alch      44%        N/A       12%         4
 Mercury Vapours          Alch/Air       34%        N/A       16%         2
 Orb of Destruction       Conj           38%        9d11      21%         7
 Frozen Ramparts          Ice            34%        1d6       28%         3
 Freezing Cloud           Conj/Ice/Air   21%        6-21      32%         5
 Apportation              Tloc           34%        N/A       36%         1
 Necrotise                Necr           68%        1d7       36%         1
 Slow                     Hex            68%        N/A       36%         1
 Summon Small Mammal      Summ           68%        N/A       36%         1
 Summon Blazeheart Golem  Fire/Summ      44%        N/A       41%         4
 Blink                    Tloc           34%        N/A       50%         2
 Call Imp                 Summ           34%        N/A       50%         2
 Jinxbite                 Hex            34%        N/A       50%         2
 Conjure Ball Lightning   Conj/Air       27%        3x3d8     54%         6
 Lehudib's Crystal Spear  Conj/Erth      51%        10d12     56%         8
 Call Canine Familiar     Summ           17%        N/A       73%         3
 Confusing Touch          Hex            17%        N/A       73%         3
 Gell's Gravitas          Tloc           17%        N/A       73%         3
 Sigil of Binding         Hex            17%        N/A       73%         3
 Summon Ice Beast         Ice/Summ       17%        N/A       73%         3
 Teleport Other           Tloc           17%        N/A       73%         3
 Vampiric Draining        Necr           17%        2d7       73%         3
 Yara's Violent Unravell  Hex/Alch       8%         3d5       91%         5
 Metabolic Englaciation   Hex/Ice        8%         N/A       100%        5
 Summon Forest            Summ/Tloc      8%         N/A       100%        5
 Summon Mana Viper        Hex/Summ       17%        N/A       100%        5
 Dispersal                Tloc           8%         N/A       100%        6
 Eringya's Noxious Bog    Alch           8%         4d6       100%        6
 Enfeeble                 Hex            8%         N/A       100%        7
 Monstrous Menagerie      Summ           8%         N/A       100%        7
 Summon Hydra             Summ           8%         N/A       100%        7


Dungeon Overview and Level Annotations

Branches:
Dungeon (15/15)            Temple (1/1) D:6            Lair (5/5) D:9
  Swamp (1/4) Lair:3       Spider (1/4) Lair:2        Slime (1/5) Lair:5
    Orc (2/2) D:9             Elf (1/3) Orc:2        Vaults (0/5) D:14
 Depths: D:15

Altars:
Ashenzari
Cheibriados
Dithmenos
Elyvilon
Fedhas
Gozag
Hepliaklqana
Kikubaaqudgha
Makhleb
Nemelex Xobeh
Okawaru
Qazlal
Ru
Sif Muna
Trog
Uskayaw
Vehumet
Wu Jian
Xom
Yredelemnul
Zin
The Shining One
Jiyva
Lugonu

Shops:
D:4 !   D:11 (   D:12 !(   D:15 (   Orc:2 :*?:

Portals:
Abyss: Lair:5

Annotations:
D:3 1 runed translucent door, Grinder; mihai's ghost, amateur MiFi
D:4 exclusion: ogre
D:9 exclusion: upstairs
D:12 exclusion: door
Lair:1 2 transporters, exclusion: hydra, Tyszek's ghost, novice MiMo
Lair:2 exclusion: 2 downstairs
Lair:3 exclusion: downstairs
Orc:1 exclusion: downstairs


Innate Abilities, Weirdness & Mutations

You are immune to sickness and miasma.
Your stone body is resilient. (AC +12)
You are immune to poison.
Your large and strong wings let you fly.
You resist negative energy. (rN+)
You are resistant to electric shocks. (rElec)
You are resistant to unholy torment.
You are immune to petrification.
You have a pair of small antennae on your head.
You are clumsy. (Dex -2)
You occasionally lose the ability to drink potions when taking damage.


Message History

Aiming: Sandblast (safe; 0% risk of failure)
Press: ? - help, Shift-Dir - straight line, f/p - spriggan rider
Aim: a spriggan rider, wielding a +0 spear of venom (70% to hit)
You feel a surge of power!
The blast of sand hits the spriggan rider!!!
You hear a splash.
You kill the spriggan!
Vehumet accepts your kill.
You feel your power returning.
The hornet is heavily wounded.
Your battlesphere fires!
The barrage of energy hits the goliath frog!!
The goliath frog is severely wounded.
The goliath frog hits you from afar.
You are splashed with acid.
You resist. You block the hornet's attack.
The goliath frog completely misses you.
Casting: Sandblast (safe; 0% risk of failure)
Confirm with . or Enter, or press ? or * to list all spells.
Aiming: Sandblast (safe; 0% risk of failure)
Press: ? - help, Shift-Dir - straight line, f/p - hornet
Aim: a hornet (heavily wounded, 78% to hit)
You feel a surge of power!
The blast of sand hits the hornet!!
You kill the hornet!
Vehumet accepts your kill.
You feel your power returning.
Your battlesphere fires!
The barrage of energy hits the goliath frog!
The goliath frog is almost dead.
Your battlesphere expends the last of its energy and dissipates.
The goliath frog hits you from afar!
* * * LOW HITPOINT WARNING * * *
You are splashed with acid.
You resist.
* * * LOW HITPOINT WARNING * * *
The spriggan rider hits you from afar with a +0 spear.
* * * LOW HITPOINT WARNING * * *
The goliath frog barely misses you.
The spriggan rider hits you but does no damage.
The goliath frog hits you from afar!
* * * LOW HITPOINT WARNING * * *
You are splashed with acid.
You resist.
You die...

♣♣ ♣..
~.♣..~♣♣♣♣
....○i.@~♣
...~~.†~†~.♣
~..~~))F...)...
..?~~~~........
...).....~~♣...
..~......$.♣ ..
.♣♣.~......♣ .
♣♣..~~~.♣♣


You could see a spriggan rider and a goliath frog.

Vanquished Creatures
  3 acid blobs (Slime:1)
  Louise (D:14)
  2 quicksilver oozes (Slime:1)
  Azrael (D:12)
  Erolcha (D:11)
  A hydra (Lair:5)
  4 vault guards (D:14)
  4 ogre magi (Orc:2)
  4 boulder beetles
  3 centaur warriors (D:14)
  A two-headed ogre (shapeshifter) (D:15)
  20 two-headed ogres
  2 tengu warriors
  3 thrashing horrors (Lair:5)
  Nergalle (D:12)
  A deep elf knight (D:14)
  A fire crab (shapeshifter) (Lair:5)
  2 skysharks
  A skeletal warrior (D:11)
  Amaemon (D:10)
  A goliath frog (Swamp:1)
  3 bog bodies
  An orc knight (D:14)
  A large abomination (Lair:5)
  5 deep elf pyromancers
  13 ugly things
  A shining eye (Slime:1)
  A cyclops (D:14)
  Maurice (D:12)
  An orc sorcerer (D:14)
  5 manticores
  5 elephants (Lair:3)
  2 black mambas
  An orange demon (D:10)
  2 gargoyles (D:14)
  13 cane toads
  A smoke demon (Lair:5)
  2 torpor snails (Lair:4)
  2 yaktaurs (D:14)
  4 unseen horrors
  8 komodo dragons
  4 kobold demonologists
  A rime drake (Lair:3)
  2 efreet (D:14)
  3 tengu conjurers
  A tyrant leech (Swamp:1)
  2 polar bears
  16 dream sheep
  5 hornets
  A raiju (Lair:5)
  A tarantella (Lair:2)
  25 blink frogs
  5 meliai zombies (D:11)
  22 slime creatures
  2 shadows
  12 small abominations (Lair:5)
  A ynoxinul (Lair:5)
  A human (D:14)
  8 basilisks
  6 vampires
  4 spriggans
  8 wraiths
  A golden eye (shapeshifter) (Lair:5)
  4 fire elementals (D:12)
  3 wyverns
  2 wargs (Orc:1)
  Grum (D:9)
  8 steam dragons
  35 yaks
  A redback (Lair:2)
  4 golden eyes
  4 chaos spawn (Lair:5)
  14 vampire mosquitoes
  An acid dragon (Lair:3)
  17 water moccasins
  15 orc warriors
  A sky beast (D:7)
  2 black bears
  2 laughing skulls (D:15)
  3 ice beasts
  29 ogres
  A wolf (D:9)
  10 centaurs
  4 phantoms (D:11)
  3 kobold brigands
  10 bullfrogs
  A scorpion (D:6)
  11 wights
  22 killer bees
  An electric eel (D:8)
  4 centaur zombies
  4 jellies
  2 bombardier beetles
  3 gnoll boudas
  5 hounds
  16 orc priests
  2 sleepcaps
  5 iguanas
  19 orc wizards
  Natasha (D:3)
  11 hell rats
  A killer bee zombie (D:7)
  2 ogre zombies (D:7)
  A mummy (D:7)
  10 gnolls
  7 adders
  3 shadow imps
  2 ufetubi (D:6)
  2 dart slugs (D:1)
  3 ribbon worms
  68 orcs
  9 ball pythons
  2 endoplasms
  4 giant cockroaches
  2 hobgoblins
  17 kobolds
  2 quokkas (D:1)
  5 bats
  6 frilled lizards
  10 goblins
  4 rats (D:1)
702 creatures vanquished.

Vanquished Creatures (collateral kills)
  14 boulders
14 creatures vanquished.

Vanquished Creatures (others)
  A wolf (D:9)
  20 boulders
21 creatures vanquished.

Grand Total: 737 creatures vanquished

Notes
Turn   | Place    | Note
-------+----------+-------------------------------------------
     0 | D:1      | Killerpretzel the Gargoyle Earth Elementalist began the
                  | quest for the Orb.
     0 | D:1      | Reached XP level 1. HP: 10/10 MP: 3/3
    90 | D:1      | Reached XP level 2. HP: 14/15 MP: 1/5
   321 | D:1      | Reached XP level 3. HP: 19/19 MP: 0/6
   502 | D:1      | Reached skill level 4 in Earth Magic
   877 | D:2      | Noticed a scorpion
   937 | D:3      | Found a hazy altar of Hepliaklqana.
  1018 | D:3      | Reached XP level 4. HP: 24/24 MP: 2/7
  1156 | D:3      | Got Folualit's Directory of the Torch
  1171 | D:3      | Noticed Grinder
  1228 | D:3      | Found a runed translucent door.
  1228 | D:3      | Noticed mihai's ghost (amateur MiFi)
  1575 | D:3      | Found a glowing silver altar of Zin.
  1575 | D:3      | Noticed an angel
  1740 | D:3      | Noticed Natasha
  1743 | D:3      | Killed Natasha
  1744 | D:3      | Reached XP level 5. HP: 10/28 MP: 5/9
  2047 | D:4      | Noticed an ogre
  2076 | D:4      | Found Veuticui's Distillery.
  2100 | D:4      | Reached skill level 5 in Earth Magic
  2100 | D:4      | Reached XP level 6. HP: 11/32 MP: 1/10
  2865 | D:5      | Entered Level 5 of the Dungeon
  2867 | D:5      | Noticed an ice beast
  2889 | D:5      | Killed an ice beast
  2890 | D:5      | Reached XP level 7. HP: 36/36 MP: 6/12
  3142 | D:5      | Reached skill level 6 in Earth Magic
  3314 | D:5      | Found a shadowy altar of Dithmenos.
  3416 | D:5      | Reached XP level 8. HP: 27/41 MP: 9/14
  3863 | D:5      | Found a snail-covered altar of Cheibriados.
  3964 | D:6      | Reached skill level 5 in Conjurations
  4026 | D:6      | Found a staircase to the Ecumenical Temple.
  4033 | Temple   | Entered the Ecumenical Temple
  4101 | D:6      | Reached skill level 7 in Earth Magic
  4109 | D:6      | Reached skill level 5 in Spellcasting
  4336 | D:6      | Reached skill level 5 in Stealth
  4736 | D:6      | Reached XP level 9. HP: 45/45 MP: 15/17
  4830 | D:6      | Learned a level 3 spell: Stone Arrow
  4835 | D:6      | Learned a level 4 spell: Brom's Barrelling Boulder
  4873 | D:6      | Found a hide-covered altar of Uskayaw.
  5275 | D:7      | Found an ornate altar of the Wu Jian Council.
  5413 | D:7      | Identified the +8 dagger of the Throat {vamp, Fly Str+2
                  | Stlth-}
  5475 | D:7      | Found a flagged portal.
  5551 | D:7      | Reached skill level 8 in Earth Magic
  5777 | D:7      | Found a broken altar of Ashenzari.
  6177 | D:7      | Found a shimmering altar of Xom.
  6356 | D:7      | Identified a scroll of acquirement
  6356 | D:7      | Acquired 1296 gold pieces
  6467 | D:8      | Noticed a two-headed ogre
  6486 | D:8      | You fall into a shaft and drop 2 floors!
  6486 | D:10     | Entered Level 10 of the Dungeon
  6668 | D:10     | Noticed a kobold demonologist
  6736 | D:10     | Identified the +7 chain mail of Ru {Str+3}
  6837 | D:10     | Noticed a two-headed ogre
  6893 | D:10     | Killed a two-headed ogre
  6894 | D:10     | Reached skill level 9 in Earth Magic
  6894 | D:10     | Reached XP level 10. HP: 50/50 MP: 0/20
  7034 | D:10     | Noticed an orange demon
  7062 | D:10     | Noticed Amaemon
  7083 | D:10     | Killed Amaemon
  7150 | D:10     | Killed an orange demon
  7514 | D:10     | Noticed a two-headed ogre
  7536 | D:9      | Noticed Grum
  7544 | D:9      | Reached skill level 10 in Earth Magic
  7553 | D:9      | Killed Grum
  7935 | D:9      | Reached skill level 5 in Dodging
  7975 | D:9      | Found a staircase to the Orcish Mines.
  8484 | D:9      | Found a staircase to the Lair.
  8791 | D:8      | Identified the +5 fire dragon scales of the Tundras {rF++
                  | rC- Int+3}
  8848 | D:8      | Reached XP level 11. HP: 26/54 MP: 8/22
  9152 | D:8      | Found an opulent altar of Gozag.
  9153 | D:8      | Found a burning altar of Makhleb.
  9276 | D:8      | Found a radiant altar of Vehumet.
  9278 | D:8      | Noticed a two-headed ogre
  9284 | D:8      | Became a worshipper of Vehumet
  9391 | D:8      | Killed a two-headed ogre
  9691 | D:8      | Found an ancient bone altar of Kikubaaqudgha.
  9691 | D:8      | Found a bloodstained altar of Trog.
  9892 | D:8      | Killed a two-headed ogre
  9989 | D:9      | Killed a two-headed ogre
  9990 | D:9      | Reached skill level 11 in Earth Magic
 10491 | D:11     | Noticed Erolcha
 10690 | Lair:1   | Entered Level 1 of the Lair of Beasts
 11384 | Lair:1   | Reached skill level 10 in Conjurations
 11895 | Lair:1   | Found a transporter.
 11902 | Lair:1   | Found a bloodstained altar of Trog.
 11902 | Lair:1   | Noticed a moth of wrath
 11902 | Lair:1   | Noticed Tyszek's ghost (novice MiMo)
 11903 | Lair:1   | Noticed a spriggan rider
 11913 | Lair:1   | Found a transporter.
 11914 | Lair:1   | Noticed a spriggan rider
 11915 | Lair:1   | Noticed a spriggan berserker
 12149 | Lair:1   | Noticed a seven-headed hydra
 12384 | Lair:2   | Found a hole to the Spider Nest.
 12400 | Lair:2   | Reached skill level 12 in Earth Magic
 12400 | Lair:2   | Reached XP level 12. HP: 59/59 MP: 15/25
 13732 | D:11     | Found Olohe's Weapon Emporium.
 13779 | D:11     | Learned a level 5 spell: Iskenderun's Battlesphere
 13961 | D:11     | Reached * piety under Vehumet
 13961 | D:11     | Offered knowledge of Foxfire by Vehumet.
 14381 | D:11     | Killed Erolcha
 14400 | D:11     | Reached skill level 13 in Earth Magic
 14531 | D:11     | Reached skill level 10 in Spellcasting
 15454 | D:11     | Reached ** piety under Vehumet
 15454 | D:11     | Offered knowledge of Freeze by Vehumet.
 15804 | D:11     | Reached XP level 13. HP: 60/63 MP: 13/27
 16622 | D:12     | Found a flickering gateway to a bazaar.
 16627 | Bazaar   | Entered a bazaar
 16627 | Bazaar   | Found Kiytunk's Distillery.
 16627 | Bazaar   | Found Wadwue Leli's Assorted Antiques.
 16627 | Bazaar   | Found Haguofue's Book Emporium.
 16627 | Bazaar   | Found Tid Acinoqach's Magic Scroll Shoppe.
 16674 | Bazaar   | Bought a book of Vapours for 338 gold pieces
 16678 | Bazaar   | Learned a level 3 spell: Mephitic Cloud
 16680 | Bazaar   | Bought a scroll of identify for 28 gold pieces
 16680 | Bazaar   | Bought a scroll of blinking for 105 gold pieces
 16680 | Bazaar   | Bought a scroll of teleportation for 42 gold pieces
 16680 | Bazaar   | Bought a scroll of teleportation for 42 gold pieces
 16680 | Bazaar   | Bought a scroll of identify for 28 gold pieces
 16680 | Bazaar   | Bought a scroll of blinking for 105 gold pieces
 16680 | Bazaar   | Bought a scroll of blinking for 105 gold pieces
 16680 | Bazaar   | Bought a scroll of identify for 28 gold pieces
 16680 | Bazaar   | Bought a scroll of poison for 56 gold pieces
 16682 | Bazaar   | Bought the Tome of the Mesa for 546 gold pieces
 16684 | Bazaar   | Bought a potion of heal wounds for 90 gold pieces
 16684 | Bazaar   | Bought a potion of lignification for 54 gold pieces
 16684 | Bazaar   | Bought a potion of curing for 54 gold pieces
 16684 | Bazaar   | Bought a potion of heal wounds for 90 gold pieces
 16684 | Bazaar   | Bought a potion of ambrosia for 144 gold pieces
 16693 | Bazaar   | Bought a potion of enlightenment for 90 gold pieces
 16907 | D:12     | Offered knowledge of Static Discharge by Vehumet.
 16952 | D:12     | Reached skill level 14 in Earth Magic
 17307 | D:12     | Reached *** piety under Vehumet
 17521 | D:12     | Noticed Azrael
 17713 | D:12     | Learned a level 5 spell: Fireball
 17904 | D:12     | Noticed Nergalle
 17918 | D:12     | Noticed Maurice
 18234 | D:12     | Found Zacerr's Weapon Emporium.
 18655 | Lair:2   | Reached skill level 1 in Fire Magic
 19608 | Orc:1    | Entered Level 1 of the Orcish Mines
 19640 | Orc:1    | Offered knowledge of Airstrike by Vehumet.
 20452 | Orc:2    | Entered Level 2 of the Orcish Mines
 20513 | Orc:2    | Reached **** piety under Vehumet
 20581 | Orc:2    | Offered knowledge of Lee's Rapid Deconstruction by Vehumet.
 20942 | Orc:2    | Gained mutation: Your large and strong wings let you fly.
                  | [Gargoyle growth]
 20942 | Orc:2    | Reached XP level 14. HP: 68/68 MP: 19/29
 20974 | Orc:2    | Reached skill level 15 in Earth Magic
 21146 | Orc:2    | Reached ***** piety under Vehumet
 21146 | Orc:2    | Offered knowledge of Starburst by Vehumet.
 21147 | Orc:2    | Reached skill level 5 in Fire Magic
 21223 | Orc:2    | Found Jajal's Book Boutique.
 21223 | Orc:2    | Found Sugaydisk's Magic Scroll Shoppe.
 21251 | Orc:2    | Found Coskood's General Store.
 21251 | Orc:2    | Found Hoewkag's Book Shop.
 21740 | Orc:2    | Found a staircase to the Elven Halls.
 21926 | Spider:1 | Entered Level 1 of the Spider Nest
 22128 | Lair:3   | Found a staircase to the Swamp.
 23763 | Lair:3   | Identified the +1 cloak "Ujuyna" {-Cast Fly rPois rC+++
                  | Int-2}
 24744 | Lair:4   | Reached skill level 16 in Earth Magic
 26030 | Lair:5   | Entered Level 5 of the Lair of Beasts
 26455 | Lair:5   | Reached XP level 15. HP: 72/72 MP: 15/30
 26572 | Lair:5   | Reached skill level 1 in Shields
 26573 | Lair:5   | Offered knowledge of Plasma Beam by Vehumet.
 27177 | Lair:5   | Found a viscous altar of Jiyva.
 27178 | Lair:5   | Found a staircase to the Slime Pits.
 27810 | Lair:5   | Found a corrupted altar of Lugonu.
 27810 | Lair:5   | Found a one-way gate to the infinite horrors of the Abyss.
 28507 | D:12     | Found Gedocez's Distillery.
 28624 | D:12     | Killed Nergalle
 28809 | D:12     | Killed Maurice
 29176 | D:12     | Bought a potion of curing for 45 gold pieces
 29176 | D:12     | Bought a potion of heal wounds for 75 gold pieces
 29176 | D:12     | Bought a potion of haste for 150 gold pieces
 29176 | D:12     | Bought a potion of curing for 45 gold pieces
 29176 | D:12     | Bought a potion of invisibility for 120 gold pieces
 29273 | D:12     | Killed Azrael
 29575 | D:13     | Reached skill level 17 in Earth Magic
 29719 | D:14     | Noticed Louise
 30046 | D:14     | Offered knowledge of Yara's Violent Unravelling by Vehumet.
 31713 | D:14     | Reached XP level 16. HP: 76/76 MP: 24/32
 32070 | D:14     | Found a gate to the Vaults.
 32254 | D:14     | Killed Louise
 32373 | D:15     | Entered Level 15 of the Dungeon
 32431 | D:15     | Found Kaptevu's Weapon Boutique.
 32874 | Swamp:1  | Entered Level 1 of the Swamp
 33089 | Elf:1    | Entered Level 1 of the Elven Halls
 33433 | Slime:1  | Entered Level 1 of the Pits of Slime
 34364 | Slime:1  | Gained mutation: You occasionally lose the ability to drink
                  | potions when taking damage. [a shining eye]
 34365 | Slime:1  | Gained mutation: You are clumsy. (Dex -2) [a shining eye]
 34367 | Slime:1  | Gained mutation: You have a pair of small antennae on your
                  | head. [a shining eye]
 34383 | Slime:1  | Noticed an acid blob
 34393 | Slime:1  | Killed an acid blob
 34394 | Slime:1  | Reached skill level 5 in Shields
 34510 | Slime:1  | Noticed an acid blob
 34516 | Slime:1  | Killed an acid blob
 34516 | Slime:1  | Offered knowledge of Spellforged Servitor by Vehumet.
 34624 | Slime:1  | Noticed an acid blob
 34637 | Slime:1  | Killed an acid blob
 34670 | Lair:5   | Reached skill level 18 in Earth Magic
 35102 | Swamp:1  | Reached skill level 10 in Fire Magic
 35106 | Swamp:1  | HP: 3/76 [goliath frog (12)]
 35106 | Swamp:1  | Splashed by a goliath frog's acid

Illustrated notes

Levels and vault maps discovered:
D:1:      nzn_arrival_water_spiral, layout_rooms
D:2:      layout_rooms, chequers_serial_rivers_marsh, nicolae_the_louvre
D:3:      layout_rooms, overflow_temple_1_default, zin_angel,
          hellmonk_ghost_happy_afterlife, minmay_misc_feat_pillars,
          patterned_corridor, uniq_grinder, uniq_natasha
D:4:      layout_loops_cross, serial_shops, nicolae_shop_industrial_runoff,
          serial_library_hellmonk_h_bend, grunt_decor_cap,
          eino_small_chamber_without_monster
D:5:      layout_cave_pools, lemuel_tele_altar, slow_altar_2,
          minmay_misc_feat_plants, corexii_checkpoint
D:6:      layout_loops_ring, nicolae_uskayaw_dance_studio,
          minmay_temple_entry_arrows
D:7:      layout_cave_pools, mainiacjoe_overflow_24_doors,
          nicolae_wu_jian_glorious_leap, tgw_xom, enter_bailey_5,
          minmay_mini_ossuary
D:8:      layout_basic, gammafunk_temple_overflow_elements,
          nicolae_overflow_crystal_walls, nicolae_overflow_squiral
D:9:      layout_roguey, david_lair_shrubbed, orc_0_dummy, uniq_grum
D:10:     layout_rooms, nicolae_letterblocks [nicolae_letter_subblock,
          nicolae_letter_subblock, nicolae_letter_subblock,
          nicolae_letter_subblock, nicolae_letter_subblock,
          nicolae_letter_subblock, nicolae_letter_subblock,
          nicolae_letter_subblock, nicolae_letter_subblock,
          nicolae_letter_subblock, nicolae_letter_subblock,
          nicolae_letter_subblock, nicolae_letter_subblock,
          nicolae_letter_subblock, nicolae_letter_subblock,
          nicolae_letter_subblock, nicolae_letter_subblock,
          nicolae_letter_subblock, nicolae_letter_subblock,
          nicolae_letter_subblock, nicolae_letter_subblock,
          nicolae_letter_subblock, nicolae_letter_subblock,
          nicolae_letter_subblock, nicolae_letter_subblock], uniq_amaemon
D:11:     bobbens_index_wilting_gardens, layout_long_grid, serial_shops, shop,
          uniq_erolcha
D:12:     layout_stronghold, serial_shops, bzr_entry_road, shop, shop,
          uniq_nergalle, uniq_azrael, uniq_maurice
D:13:     layout_cross, serial_shops, shop
D:14:     layout_irregular_city, grunt_vaults_entry_fortified,
          chequers_decorated_corner, drop_trap, uniq_louise
D:15:     grunt_enter_depths_snipers, layout_cave_pools, serial_shops, shop,
          gammafunk_ghost_hydra_chop, minmay_misc_feat_doors,
          minmay_misc_feat_iff, nrook_guardian_serpent_double, uniq_jorgrun
Temple:   hellmonk_temple_forest_ring
Lair:1:   cheibrodos_lair_river_kwai, layout_chaotic_city,
          gammafunk_ghost_wrathful_warriors
Lair:2:   layout_long_grid, dummy_spider_entry, infiniplex_staircase_pool,
          grunt_megastairs_5
Lair:3:   layout_layer_cave, skrybe_swamp_entry_bodies, bobbens_dragon_lair_wall
Lair:4:   layout_cellular_growth
Lair:5:   hellmonk_lair_end_abyssal_woods, layout_cellular_growth,
          slime_entry_1, grunt_megastairs_1, serial_bayou_shore_b
Swamp:1:  layout_basic_swamp, nicolae_swamp_orc_logging_accident
Spider:1: layout_spider_delve, uniq_frances
Slime:1:  layout_caves
Orc:1:    layout_diamond_mine
Orc:2:    st_orc_ogre_mass, layout_caves
Elf:1:    layout_gridlike, serial_shops, shop, minmay_elf_sorcery,
          serial_sigils_hangedman_quiver, nrook_uturn, lemuel_upstairs_altar,
          uniq_kirke, uniq_nikola

Skill      XL: |  1  2  3  4  5  6  7  8  9 10 11 12 13 14 15 16 |
---------------+-------------------------------------------------+-----
Earth Magic    | 4 5 6 7 9 10 12 13 14 16 17 18 | 18.0
Dodging        | 2 3 4 5 6 7 8 9 |  9.5
Conjurations   | 2 3 4 6 7 9 10 11 13 14 | 14.5
Stealth        | 3 4 5 6 7 8 |  8.0
Spellcasting   | 3 4 5 6 7 9 10 11 12 | 12.6
Fire Magic     | 4 7 9 10 | 10.0
Shields        | 4 5 |  5.2

Action                     |  1- 3 |  4- 6 |  7- 9 | 10-12 | 13-15 | 16-18 || total
---------------------------+-------+-------+-------+-------+-------+-------++-------
  Melee: Whip              |    11 |       |       |       |       |       ||    11
         Dagger            |     8 |     2 |    10 |     4 |       |       ||    24
         Punch             |     1 |       |       |       |       |       ||     1
         Staff             |       |       |       |     4 |     3 |     6 ||    13
   Cast: Sandblast         |    51 |    72 |   182 |   144 |   374 |    25 ||   848
         Stone Arrow       |       |       |    26 |   161 |   383 |    68 ||   638
         Brom's Barrelling |       |       |     7 |    28 |    13 |       ||    48
         Iskenderun's Batt |       |       |       |    21 |   109 |    17 ||   147
         Fireball          |       |       |       |       |    23 |     4 ||    27
         Mephitic Cloud    |       |       |       |       |    18 |     3 ||    21
  Evoke: Wand              |       |       |     2 |     8 |     1 |       ||    11
    Use: Scroll            |       |       |    18 |     5 |    11 |     6 ||    40
         Potion            |       |       |       |     1 |    13 |     7 ||    21
 Armour: Robe              |    28 |    35 |   136 |    56 |       |       ||   255
         Steam dragon scal |       |       |       |   137 |   123 |       ||   260
         Fire dragon scale |       |       |       |       |   350 |   113 ||   463
         Ring mail         |       |       |       |       |       |    19 ||    19
  Dodge: Dodged            |    37 |    25 |   112 |   200 |   282 |    53 ||   709
  Block: Buckler           |       |       |       |       |    45 |    24 ||    69
